 Dungeon Crawl Stone Soup version 0.21.1-1-g345015fe64 (webtiles) character file.

358282 Rrauwl the Metallomancer (level 22, -1/137 HPs)
             Began as a Gargoyle Earth Elementalist on Feb 7, 2018.
             Was the Champion of the Shining One.
             Killed by the air
             ... invoked by a titan
              (52 damage)
             ... on level 5 of the Vaults on Feb 8, 2018.
             The game lasted 03:46:38 (49747 turns).

Rrauwl the Metallomancer (GrEE)                    Turns: 49747, Time: 03:46:38

Health: -1/137     AC: 44    Str: 15    XL:     22   Next: 38%
Magic:  17/34      EV: 14    Int: 26    God:    the Shining One [******]
Gold:   3359       SH:  7    Dex: 10    Spells: 9/37 levels left

rFire    + + +     SeeInvis .   b - +9 hand crossbow "Deapsoho" {penet, Stlth+}
rCold    + . .     Gourm    .   F - +2 buckler {AC+3}
rNeg     + + +     Faith    .   g - +0 fire dragon scales
rPois    ∞         Spirit   .   D - +2 helmet {Int+3}
rElec    +         Reflect  .   w - +2 cloak
rCorr    .         Harm     .   x - +2 pair of gloves {archery}
MR       ++...                  u - +0 pair of boots
Stlth    +.........             m - amulet "Ruhiori" {rC+ MR+ Regen+}
HPRegen  0.72/turn              s - ring of Lugonu's Anger {rPois rC+ EV+2}
MPRegen  0.24/turn              f - ring of protection from fire

@: flying, glowing
A: big wings, deterioration 1, negative energy resistance 1, electricity
resistance, unbreathing, petrification resistance, rot immunity, AC +16
}: 2/15 runes: decaying, serpentine
a: Stop Flying, Divine Shield, Cleansing Flame, Summon Divine Warrior, Brand
Weapon With Holy Wrath, Renounce Religion


You were on level 5 of the Vaults.
You worshipped the Shining One.
The Shining One was exalted by your worship.
You were not hungry.

You visited 6 branches of the dungeon, and saw 36 of its levels.

You collected 5288 gold pieces.
You spent 1929 gold pieces at shops.

Inventory:

Hand Weapons
 a - the +10 zealot's sword {holy, *Rage rN+ EV+3}
   (You found it on level 3 of the Vaults)

   It has been blessed by the Shining One to cause great damage to the undead
   and demons.
   It affects your evasion (+3).
   It protects you from negative energy.
   It may make you go berserk in combat.
 b - the +9 hand crossbow "Deapsoho" (weapon) {penet, Stlth+}
   (You found it on level 4 of the Dungeon)

   Ammo fired by it will pass through the targets it hits, potentially hitting
   all targets in its path until it reaches maximum range.
   It makes you more stealthy.
Missiles
 k - 807 bolts (quivered)
 q - 2 throwing nets
Armour
 g - +0 fire dragon scales (worn)
 u - a +0 pair of boots (worn)
 w - a +2 cloak (worn)
 x - a +2 pair of gloves of archery (worn)
 D - a +2 helmet of intelligence (worn)
 F - a +2 buckler of protection (worn)
 O - the +5 ring mail of Yddeygge {rElec MR+}
   (You found it on level 4 of the Lair of Beasts)

   It insulates you from electricity.
   It affects your resistance to hostile enchantments.
Jewellery
 f - a ring of protection from fire (right hand)
 m - the amulet "Ruhiori" (around neck) {rC+ MR+ Regen+}
   (You found it on level 1 of the Swamp)

   [amulet of regeneration]

   It protects you from cold.
   It affects your resistance to hostile enchantments.
   It increases your rate of regeneration.
 s - the ring of Lugonu's Anger (left hand) {rPois rC+ EV+2}
   (You found it on level 2 of the Snake Pit)

   [ring of evasion]

   It affects your evasion (+2).
   It protects you from cold.
   It protects you from poison.
 I - an uncursed ring of resist corrosion
Wands
 j - a wand of disintegration (49)
 n - a wand of iceblast (39)
 o - a wand of acid (9)
 r - a wand of enslavement (7)
 y - a wand of polymorph (57)
 A - a wand of flame (79)
 G - a wand of scattershot (7)
Scrolls
 d - a scroll of blinking
 h - 4 scrolls of magic mapping
 i - 12 scrolls of identify
 t - 5 scrolls of teleportation
 z - 6 scrolls of fog
 B - 10 scrolls of remove curse
 E - 7 scrolls of immolation
Potions
 c - 7 potions of curing
 v - 9 potions of brilliance
 C - a potion of haste
 H - 2 potions of cancellation
 M - a potion of might
Books
 p - a book of Enchantments

   Spells                             Type                      Level
   a - Cause Fear                     Hexes                        4
   b - Yara's Violent Unravelling     Hexes/Transmutation          5
   c - Silence                        Hexes/Air                    5
   d - Deflect Missiles               Charms/Air                   6
   e - Discord                        Hexes                        8
Miscellaneous
 Q - a phantom mirror
 V - a fan of gales
Comestibles
 e - 42 rations
 l - 10 chunks of flesh


   Skills:
 - Level 14.0 Fighting
   Level 11.0 Staves
 - Level 14.0 Crossbows
 - Level 13.0 Armour
 - Level 9.0 Dodging
 - Level 3.0 Stealth
 - Level 6.0 Shields
 - Level 8.0 Spellcasting
 - Level 14.0 Conjurations
 - Level 4.1 Hexes
 - Level 2.0 Summonings
 - Level 4.1 Translocations
   Level 0.7 Transmutations
 + Level 21.2 Earth Magic
 - Level 13.0 Invocations
 - Level 9.0 Evocations


You had 9 spell levels left.
You knew the following spells:

 Your Spells              Type           Power        Failure   Level  Hunger
b - Stone Arrow           Conj/Erth      ######       1%          3    None
c - Lee's Rapid Deconstr  Erth           #######...   1%          5    ####...
d - Apportation           Tloc           ####..       3%          1    None
e - Summon Butterflies    Summ           ###.....     9%          1    None
f - Iron Shot             Conj/Erth      #######...   1%          6    ######.
g - Portal Projectile     Hex/Tloc       ####..       11%         3    None
h - Shatter               Erth           #######...   92%         9    #######


Dungeon Overview and Level Annotations

Branches:
Dungeon (15/15)            Temple (0/1) D:7            Lair (6/6) D:8
  Swamp (4/4) Lair:4        Snake (4/4) Lair:2        Slime (0/5) Lair:5
    Orc (2/2) D:11            Elf (0/3) Orc:2        Vaults (5/5) D:13
  Crypt (0/3) Vaults:2     Depths (0/5) D:15

Altars:
Cheibriados
Dithmenos
Elyvilon
Kikubaaqudgha
Nemelex Xobeh
Okawaru
Qazlal
Ru
Sif Muna
Wu Jian
Xom
Yredelemnul
Zin
The Shining One
Beogh

Shops:
D:8 ?   Orc:2 [(=:%   Snake:2 }(   Vaults:2 %   Vaults:4 ?

Annotations:
Lair:5 2 transporters


Innate Abilities, Weirdness & Mutations

You are resistant to torment.
Your stone body is resilient. (AC +16)
You are immune to poison.
Your large and strong wings let you fly indefinitely.
You resist negative energy. (rN+)
You are resistant to electric shocks. (rElec)
You can survive without breathing.
You are immune to petrification.
You are immune to rotting.
Your body sometimes deteriorates upon taking damage.


Message History

Your daeva hits the tentacled monstrosity with a long sword of holy wrath.
The tentacled monstrosity convulses.
Your daeva hits the tentacled monstrosity with a long sword of holy wrath.
The tentacled monstrosity convulses.
The tentacled monstrosity tentacle-slaps your daeva but does no damage.
Your daeva blocks the tentacled monstrosity's attack. x2
The tentacled monstrosity constricts your daeva!
Your daeva hits the tentacled monstrosity with a long sword of holy wrath!
The tentacled monstrosity convulses!
Your daeva hits the tentacled monstrosity with a long sword of holy wrath!
The tentacled monstrosity convulses!
The tentacled monstrosity tentacle-slaps your daeva!
Your daeva blocks the tentacled monstrosity's attack. x2
The tentacled monstrosity constricts your daeva.
Your daeva dies!
You are momentarily dazzled by a brilliant light.
You feel somewhat more hungry.
The titan waves its arms in wide circles.
The air twists around and violently strikes you in flight!
You die...

#.....###.#.:## ######)#
#....#.
##...###.####.###...#)##
#...(#.
##.###.##..##.#.....##
##)#.##....##......#
##..)###..).###...C.#
#....A#.#..(.###..X#.#
#.....)####...###A###.#
#.....#)####.#.#(## #..
###...###)######@##


CX: # ########)####.## ..# ###...)####.)#.## ## ##......##..÷:## #........#.)..#
#........##./## #.....)))#.### #.......).## #).)....### You could see a
tentacled monstrosity, a titan and a friendly angel.

Vanquished Creatures
  Mara (Snake:4)
  Nikola (Swamp:2)
  Rupert (D:14)
  A titan (Vaults:5)
  The ghost of DildoBatman the Bewitcher, an adept FoEn of Sif Muna (Swamp:4)
  A thorn hunter (Swamp:4)
  Roxanne (D:14)
  2 tengu reavers
  Kirke (D:14)
  3 fire giants
  Donald (Swamp:1)
  12 nagarajas
  A deep elf sorcerer (Vaults:5)
  2 frost giants
  An orc warlord (Orc:2)
  An iron dragon (Vaults:5)
  Louise (Swamp:2)
  6 vault wardens
  13 ironheart preservers
  The ghost of newuser the Severer, a journeyman GrGl of Okawaru (Orc:2)
  3 stone giants
  A ghoul (Vaults:2)
  Nessos (D:14)
  A deep elf demonologist (Vaults:3)
  3 deep elf annihilators
  4 dire elephants (Lair:6)
  3 ettins
  Snorg (D:14)
  2 great orbs of eyes
  Josephine (Swamp:1)
  4 fire dragons
  10 yaktaur captains
  A deep elf high priest (Vaults:5)
  29 vault guards
  2 rakshasas
  3 ice dragons
  A ghost crab (Swamp:3)
  Fannar (Lair:2)
  14 centaur warriors
  A naga warrior (Snake:4)
  20 hydras
  38 two-headed ogres
  5 alligators
  14 anacondas
  4 death knights
  A dancing weapon (Vaults:2)
  2 deep troll earth magi (D:15)
  A death yak (shapeshifter) (D:15)
  2 tengu warriors (D:15)
  15 ogre magi
  Urug (D:11)
  6 shock serpents
  13 naga sharpshooters
  Sonja (D:13)
  A salamander mystic (Snake:3)
  10 deep elf knights
  5 shadow wraiths
  2 skeletal warriors
  3 unseen horrors
  2 fire crabs
  The ghost of BrokenGlass the Skirmisher, a novice OpFi of Ru (D:7)
  7 spriggan druids
  A sea snake (shapeshifter) (D:15)
  6 swamp dragons
  7 hell knights (Vaults:5)
  3 deep elf archers
  5 deep trolls
  2 shambling mangroves
  2 tengu zombies
  2 flayed ghosts
  A glowing orange brain (Vaults:4)
  9 naga ritualists
  2 phantasmal warriors
  5 ironbrand convokers
  2 harpies (Vaults:3)
  A sphinx zombie (Vaults:2)
  A mana viper (shapeshifter) (Vaults:5)
  15 orc knights
  2 wizards
  2 wolf spider zombies
  15 deep elf magi
  6 necromancers
  7 mana vipers
  A shining eye (shapeshifter) (Vaults:4)
  6 orc sorcerers
  3 wolf spiders
  A sphinx skeleton (Vaults:2)
  26 ugly things
  9 salamanders
  A fire giant zombie (Vaults:1)
  A frost giant zombie (Vaults:2)
  11 cyclopes
  5 manticores
  21 elephants
  A moth of wrath (shapeshifter) (D:15)
  Maurice (D:10)
  A stone giant skeleton (Vaults:2)
  11 vault sentinels
  34 black mambas
  17 naga magi
  An eye of devastation (Lair:5)
  8 guardian serpents
  6 centaur zombies
  2 fire giant skeletons
  4 gargoyles
  14 spiny frogs
  6 komodo dragons
  A komodo dragon (shapeshifter) (D:15)
  A rime drake (Lair:6)
  6 freezing wraiths
  30 yaktaurs
  8 trolls
  8 tyrant leeches
  29 slime creatures
  Prince Ribbit (D:5)
  A hornet (shapeshifter) (Vaults:1)
  4 blink frogs (Lair:4)
  A meliai zombie (D:14)
  7 bog bodies
  17 hornets
  14 hippogriffs
  An ettin zombie (Vaults:4)
  A stone giant simulacrum (Vaults:1)
  A centaur simulacrum (D:15)
  4 shadows
  A vampire (D:15)
  9 spriggans
  3 wyverns
  11 wraiths
  42 yaks
  A yak (shapeshifter) (Vaults:2)
  5 basilisks
  4 human simulacra
  21 vampire mosquitoes
  5 wargs
  28 swamp worms
  50 nagas
  A soldier ant (D:15)
  4 insubstantial wisps
  3 acid dragons
  2 floating eyes (shapeshifter)
  15 swamp drakes
  14 water moccasins
  10 porcupines
  45 orc warriors
  6 sky beasts
  3 black bears
  A black bear (shapeshifter) (Vaults:2)
  2 elf zombies (Vaults:4)
  A phantom (D:4)
  2 ice beasts
  2 necrophages
  10 boggarts
  38 ogres
  An eye of draining (Lair:5)
  A tengu (shapeshifter) (Vaults:4)
  9 wolves
  22 centaurs
  9 crocodiles
  4 big kobolds
  2 glowing shapeshifter simulacra
  14 bullfrogs
  3 wyvern skeletons
  A scorpion (D:6)
  11 killer bees
  4 wights (D:10)
  3 electric eels
  8 crimson imps
  2 bullfrog zombies
  8 hounds
  2 bullfrog skeletons
  25 orc wizards
  3 yaktaur simulacra
  8 centaur skeletons
  A gnoll shaman (D:7)
  24 orc priests
  An iron imp (D:8)
  7 jellies
  An iguana (D:6)
  8 worker ants
  9 gnolls
  A worker ant zombie (D:11)
  14 adders
  7 shadow imps
  2 oozes
  3 worms (D:3)
  A dart slug (D:1)
  12 leopard geckos
  147 orcs
  4 ball pythons
  6 bats
  2 giant cockroaches
  10 goblins
  7 hobgoblins
  12 jackals
  20 kobolds
  9 quokkas
  4 frilled lizards
  A quokka skeleton (D:6)
  7 rats
  9 fungi
  8 plants
1530 creatures vanquished.

Vanquished Creatures (collateral kills)
  A titan (Vaults:4)
  A thorn hunter (Swamp:4)
  A storm dragon (Vaults:5)
  A tengu reaver (Vaults:4)
  5 nagarajas (Snake:4)
  2 vault wardens
  A frost giant (Vaults:4)
  2 war gargoyles (Vaults:5)
  An ironheart preserver (Vaults:3)
  A deep elf demonologist (Vaults:5)
  An ettin (Vaults:5)
  A yaktaur captain (Vaults:5)
  An ice dragon (Vaults:3)
  An ogre mage (Vaults:3)
  2 rakshasas (Vaults:3)
  2 fire dragons (Vaults:3)
  A vault guard (Vaults:3)
  3 naga warriors (Snake:4)
  4 hydras (Swamp:4)
  An anaconda (Snake:1)
  3 naga sharpshooters
  3 deep elf knights
  A skeletal warrior (Vaults:3)
  An unseen horror (shapeshifter) (Vaults:3)
  2 deep trolls (Vaults:4)
  2 swamp dragons (Swamp:4)
  A shambling mangrove (Swamp:4)
  2 naga ritualists (Snake:4)
  3 ironbrand convokers
  A tengu zombie (Vaults:4)
  A phantasmal warrior (Vaults:3)
  3 deep elf archers
  2 human zombies (Vaults:4)
  2 harpies (Vaults:3)
  A wolf spider (Vaults:3)
  2 salamanders (Snake:4)
  A naga mage (Snake:4)
  A vault sentinel (Vaults:3)
  4 guardian serpents
  A water nymph (shapeshifter) (Vaults:5)
  5 yaktaurs (Vaults:3)
  3 hornets (Swamp:4)
  A slime creature (Swamp:4)
  A spriggan (Swamp:4)
  A vampire mosquito (Swamp:4)
  2 swamp worms
  4 nagas
  3 insubstantial wisps (Swamp:4)
  2 swamp drakes (Swamp:4)
  4 orc warriors (Orc:2)
  2 ogres (Vaults:5)
  An orc (Vaults:4)
99 creatures vanquished.

Vanquished Creatures (others)
  A shadow dragon (Vaults:5)
  2 ironheart preservers (Vaults:5)
  A fire dragon (Vaults:3)
  A guardian serpent (Snake:4)
  A yaktaur zombie (Vaults:4)
  An ogre (Vaults:2)
  8 fungi (Lair:6)
  7 plants (Lair:6)
22 creatures vanquished.

Grand Total: 1651 creatures vanquished

Notes
Turn   | Place    | Note
-------+----------+-------------------------------------------
     0 | D:1      | Rrauwl the Gargoyle Earth Elementalist began the quest for the Orb.
     0 | D:1      | Reached XP level 1. HP: 10/10 MP: 3/3
   287 | D:1      | Reached XP level 2. HP: 11/16 MP: 1/5
   526 | D:1      | Reached skill level 1 in Fighting
   590 | D:1      | Reached skill level 4 in Earth Magic
  1031 | D:1      | Reached XP level 3. HP: 18/21 MP: 6/6
  1043 | D:1      | Learned a level 3 spell: Stone Arrow
  1388 | D:2      | Reached skill level 1 in Conjurations
  1388 | D:2      | Reached XP level 4. HP: 22/27 MP: 3/7
  2495 | D:2      | Found a shimmering altar of Xom.
  2568 | D:2      | Reached XP level 5. HP: 32/32 MP: 1/8
  2907 | D:3      | Found a glowing golden altar of the Shining One.
  2916 | D:3      | Became a worshipper of the Shining One
  3152 | D:3      | Found a deep blue altar of Sif Muna.
  3993 | D:4      | Reached XP level 6. HP: 4/39 MP: 9/9
  4275 | D:4      | Noticed a phantom
  4300 | D:4      | Killed a phantom
  4512 | D:4      | Reached skill level 5 in Fighting
  4512 | D:4      | Reached skill level 1 in Invocations
  4796 | D:4      | Reached XP level 7. HP: 43/44 MP: 10/10
  4820 | D:4      | Got a bloodstained hand crossbow
  4821 | D:4      | Identified the +9 hand crossbow "Deapsoho" {penet, Stlth+} (You found it on level 4 of the Dungeon)
  5214 | D:4      | Reached skill level 1 in Crossbows
  5237 | D:4      | Reached * piety under the Shining One
  5554 | D:5      | Entered Level 5 of the Dungeon
  5616 | D:5      | Reached skill level 5 in Earth Magic
  5622 | D:5      | Found a stormy altar of Qazlal.
  5635 | D:5      | Found a glowing silver altar of Zin.
  5637 | D:5      | Found a white marble altar of Elyvilon.
  5780 | D:5      | Noticed Prince Ribbit
  5785 | D:5      | Killed Prince Ribbit
  5785 | D:5      | Reached XP level 8. HP: 51/51 MP: 11/11
  5925 | D:5      | Found a sacrificial altar of Ru.
  6424 | D:5      | Found a sparkling altar of Nemelex Xobeh.
  6737 | D:6      | Learned a level 5 spell: Lee's Rapid Deconstruction
  6787 | D:6      | Reached skill level 6 in Earth Magic
  7094 | D:6      | Got a transparent leather armour
  7105 | D:6      | Identified the cursed +1 leather armour of Impermeability {Str+4 Int-2} (You found it on level 6 of the Dungeon)
  7148 | D:6      | Reached skill level 5 in Crossbows
  7205 | D:6      | Reached skill level 1 in Armour
  7532 | D:6      | Found an ornate altar of the Wu Jian Council.
  7628 | D:6      | Reached XP level 9. HP: 55/55 MP: 12/12
  7886 | D:7      | Found an iron altar of Okawaru.
  8002 | D:7      | Found a staircase to the Ecumenical Temple.
  8235 | D:7      | Noticed BrokenGlass's ghost (novice OpFi)
  8235 | D:7      | Reached ** piety under the Shining One
  8245 | D:7      | Killed BrokenGlass's ghost
  8245 | D:7      | Reached skill level 5 in Armour
  8245 | D:7      | Reached skill level 5 in Conjurations
  8245 | D:7      | Reached skill level 7 in Earth Magic
  8245 | D:7      | Reached skill level 5 in Invocations
  8711 | D:8      | Found a staircase to the Lair.
  8726 | D:8      | Reached XP level 10. HP: 52/60 MP: 13/13
  8926 | D:8      | Reached skill level 1 in Evocations
  8932 | D:8      | Found Duenuacy's Magic Scroll Shoppe.
  8940 | D:8      | Bought a scroll of enchant weapon for 120 gold pieces
  8940 | D:8      | Bought a scroll of fog for 32 gold pieces
  8940 | D:8      | Bought a scroll of enchant armour for 120 gold pieces
  9341 | D:8      | Found a snail-covered altar of Cheibriados.
  9402 | Lair:1   | Entered Level 1 of the Lair of Beasts
  9524 | Lair:1   | Noticed a spiny frog
  9531 | Lair:1   | Killed a spiny frog
  9582 | Lair:1   | Reached skill level 8 in Earth Magic
 10156 | D:9      | Noticed a two-headed ogre
 10280 | D:9      | Killed a two-headed ogre
 10280 | D:9      | Reached XP level 11. HP: 66/66 MP: 15/15
 10381 | D:9      | Reached *** piety under the Shining One
 10386 | D:9      | Noticed a two-headed ogre
 10392 | D:9      | Killed a two-headed ogre
 10768 | D:9      | Noticed a two-headed ogre
 10773 | D:9      | Killed a two-headed ogre
 11130 | D:10     | Entered Level 10 of the Dungeon
 11138 | D:10     | Reached skill level 10 in Crossbows
 11139 | D:10     | Noticed Maurice
 11147 | D:10     | Killed Maurice
 11192 | D:10     | Noticed a two-headed ogre
 11209 | D:10     | Killed a two-headed ogre
 11726 | D:10     | Reached skill level 9 in Earth Magic
 11959 | D:11     | Noticed a manticore
 11966 | D:11     | Killed a manticore
 12028 | D:11     | Reached skill level 10 in Earth Magic
 12028 | D:11     | Reached XP level 12. HP: 73/73 MP: 17/17
 12036 | D:11     | Noticed a two-headed ogre
 12041 | D:11     | Killed a two-headed ogre
 12171 | D:11     | Noticed a two-headed ogre
 12178 | D:11     | Killed a two-headed ogre
 12298 | D:11     | Reached **** piety under the Shining One
 12379 | D:11     | Noticed Urug
 12508 | D:11     | Killed Urug
 12816 | D:11     | Found a staircase to the Orcish Mines.
 12961 | Lair:2   | Noticed Fannar
 12972 | Lair:2   | Killed Fannar
 12972 | Lair:2   | Reached skill level 10 in Invocations
 13089 | Lair:2   | Reached skill level 1 in Staves
 13374 | Lair:2   | Reached skill level 5 in Dodging
 13466 | Lair:2   | Reached XP level 13. HP: 77/78 MP: 20/20
 13550 | Lair:2   | Found a staircase to the Snake Pit.
 13894 | Lair:3   | Reached skill level 5 in Staves
 14792 | Lair:4   | Reached skill level 5 in Evocations
 14924 | Lair:4   | Got a bloodstained ring mail
 14935 | Lair:4   | Identified the +5 ring mail of Yddeygge {rElec MR+} (You found it on level 4 of the Lair of Beasts)
 15966 | Lair:4   | Found a staircase to the Swamp.
 16770 | Lair:5   | Found a transporter.
 16801 | Lair:5   | Found a transporter.
 16803 | Lair:5   | Found the +2 robe of Vines {NoPotionHeal Regen+7}
 17080 | Lair:5   | Found a staircase to the Slime Pits.
 17094 | Lair:5   | Reached skill level 10 in Staves
 17796 | Lair:6   | Entered Level 6 of the Lair of Beasts
 17856 | Lair:6   | Gained mutation: Your large and strong wings let you fly indefinitely. [Gargoyle growth]
 17856 | Lair:6   | Reached XP level 14. HP: 42/84 MP: 22/22
 19277 | Lair:6   | Noticed a dire elephant
 19511 | Lair:6   | Killed a dire elephant
 19596 | Lair:6   | Noticed a dire elephant
 19596 | Lair:6   | Noticed a dire elephant
 19649 | Lair:6   | Killed a dire elephant
 19651 | Lair:6   | Killed a dire elephant
 19931 | Lair:6   | Identified the +1 triple sword "Awnal" {slice, +Blink rN+ Int+5} (You found it on level 6 of the Lair of Beasts)
 19977 | Lair:6   | Noticed a dire elephant
 19977 | Lair:6   | Reached ***** piety under the Shining One
 20008 | Lair:6   | Killed a dire elephant
 20008 | Lair:6   | Reached skill level 11 in Earth Magic
 20226 | Lair:6   | Noticed a dire elephant
 20368 | Lair:6   | Noticed a dire elephant
 21546 | D:13     | Noticed Sonja
 21554 | D:13     | Killed Sonja
 21770 | D:13     | Reached skill level 12 in Earth Magic
 21802 | D:13     | Found a gate to the Vaults.
 22036 | D:13     | Identified a scroll of acquirement
 22116 | D:14     | Noticed Snorg
 22126 | D:14     | Killed Snorg
 22352 | D:14     | Reached XP level 15. HP: 68/91 MP: 24/24
 22881 | D:14     | Reached skill level 10 in Fighting
 22911 | D:14     | Noticed Nessos
 22955 | D:14     | Killed Nessos
 22998 | D:14     | Noticed Rupert
 23291 | D:14     | Killed Rupert
 23321 | D:14     | Noticed Kirke
 23557 | D:14     | Killed Kirke
 23743 | D:14     | Noticed Roxanne
 24236 | D:14     | Killed Roxanne
 25011 | D:15     | Entered Level 15 of the Dungeon
 25196 | D:15     | Found an iron altar of Okawaru.
 25197 | D:15     | Found a shimmering altar of Xom.
 25197 | D:15     | Found a shadowy altar of Dithmenos.
 25204 | D:15     | Reached ****** piety under the Shining One
 25372 | D:15     | Found a staircase to the Depths.
 25551 | D:15     | Noticed a fire giant
 25572 | D:15     | Killed a fire giant
 26034 | D:15     | Noticed a fire giant
 26254 | D:15     | Reached skill level 10 in Armour
 26254 | D:15     | Reached XP level 16. HP: 27/97 MP: 25/25
 26862 | D:15     | Identified the Reference Book on Freezing Flames
 26916 | D:15     | Identified the +8 war axe of Thoughtfulness {drain, +Fly Str+2} (You took it off a centaur warrior on level 15 of the Dungeon)
 27286 | D:15     | Learned a level 1 spell: Apportation
 27288 | D:15     | Learned a level 1 spell: Summon Butterflies
 27516 | Orc:1    | Entered Level 1 of the Orcish Mines
 27717 | Orc:2    | Entered Level 2 of the Orcish Mines
 27842 | Orc:2    | Found a roughly hewn altar of Beogh.
 27881 | Orc:2    | Found Doroh's Book Boutique.
 27890 | Orc:2    | Noticed newuser's ghost (journeyman GrGl)
 27890 | Orc:2    | Reached skill level 1 in Summonings
 27936 | Orc:2    | Killed newuser's ghost
 27936 | Orc:2    | Reached skill level 1 in Translocations
 28163 | Orc:2    | Bought a book of the Earth for 1105 gold pieces
 28181 | Orc:2    | Learned a level 6 spell: Iron Shot
 28466 | Orc:2    | Found Ytse's Antique Armour Emporium.
 28469 | Orc:2    | Found a roughly hewn altar of Beogh.
 28473 | Orc:2    | Found Moba's Antique Weapon Shoppe.
 28563 | Orc:2    | Found a staircase to the Elven Halls.
 28744 | Orc:2    | Found a roughly hewn altar of Beogh.
 28746 | Orc:2    | Found Giquteif's Jewellery Shoppe.
 28946 | Orc:2    | Found a roughly hewn altar of Beogh.
 28980 | Orc:2    | Found a roughly hewn altar of Beogh.
 29067 | Orc:2    | Found a roughly hewn altar of Beogh.
 29079 | Orc:2    | Found Volanyfa's Food Shoppe.
 29133 | Orc:2    | Found a roughly hewn altar of Beogh.
 29697 | Snake:1  | Entered Level 1 of the Snake Pit
 30707 | Snake:1  | Reached skill level 10 in Conjurations
 30944 | Snake:1  | Reached XP level 17. HP: 102/102 MP: 26/26
 30958 | Snake:1  | Reached skill level 5 in Spellcasting
 32371 | Snake:2  | Got a shimmering turquoise ring
 32372 | Snake:2  | Identified the ring of Lugonu's Anger {rPois rC+ EV+2} (You found it on level 2 of the Snake Pit)
 32584 | Snake:2  | Found Wuyw's Antique Weapon Shop.
 32584 | Snake:2  | Found Qivagh's Gadget Boutique.
 32664 | Snake:2  | Reached skill level 13 in Earth Magic
 34333 | Snake:3  | Reached skill level 14 in Earth Magic
 34931 | Snake:4  | Entered Level 4 of the Snake Pit
 35409 | Snake:4  | Reached XP level 18. HP: 84/108 MP: 22/27
 36351 | Snake:4  | Noticed Mara
 36374 | Snake:4  | Noticed Rrauwl's illusion
 36381 | Snake:4  | Killed Mara
 37057 | Snake:4  | Got a serpentine rune of Zot
 37316 | Swamp:1  | Entered Level 1 of the Swamp
 37387 | Swamp:1  | Noticed Donald
 37398 | Swamp:1  | Killed Donald
 37498 | Swamp:1  | Got a faintly glowing tin amulet
 37499 | Swamp:1  | Identified the amulet "Ruhiori" {rC+ MR+ Regen+} (You found it on level 1 of the Swamp)
 38078 | Swamp:1  | Noticed Josephine
 38085 | Swamp:1  | Killed Josephine
 38183 | Swamp:1  | Learned a level 3 spell: Portal Projectile
 38367 | Swamp:2  | Noticed Nikola
 38380 | Swamp:2  | Killed Nikola
 38380 | Swamp:2  | Reached skill level 1 in Hexes
 38735 | Swamp:2  | Noticed Louise
 38741 | Swamp:2  | Killed Louise
 39304 | Swamp:3  | Reached XP level 19. HP: 81/119 MP: 20/28
 39765 | Swamp:4  | Entered Level 4 of the Swamp
 39868 | Swamp:4  | Noticed DildoBatman's ghost (adept FoEn)
 39885 | Swamp:4  | Killed DildoBatman's ghost
 40419 | Swamp:4  | Got a decaying rune of Zot
 41582 | Vaults:1 | Entered Level 1 of the Vaults
 43257 | Vaults:2 | Reached XP level 20. HP: 120/127 MP: 30/30
 43939 | Vaults:2 | Found Iruqeas's Food Shop.
 44098 | Vaults:2 | Reached skill level 15 in Earth Magic
 44171 | Vaults:2 | Learned a level 9 spell: Shatter
 44196 | Vaults:2 | Found a staircase to the Crypt.
 44196 | Vaults:2 | Found a basalt altar of Yredelemnul.
 44296 | Vaults:2 | Found an ancient bone altar of Kikubaaqudgha.
 45617 | Vaults:3 | Reached skill level 16 in Earth Magic
 46132 | Vaults:3 | Found the +10 zealot's sword {holy, *Rage rN+ EV+3}
 46503 | Vaults:3 | Reached XP level 21. HP: 124/132 MP: 33/33
 46769 | Vaults:3 | Reached skill level 17 in Earth Magic
 47386 | Vaults:4 | Reached skill level 18 in Earth Magic
 47937 | Vaults:4 | Reached skill level 1 in Shields
 48436 | Vaults:4 | Found Opleben's Magic Scroll Emporium.
 48445 | Vaults:4 | Bought a scroll of fog for 34 gold pieces
 48445 | Vaults:4 | Bought a scroll of teleportation for 51 gold pieces
 48445 | Vaults:4 | Bought a scroll of brand weapon for 340 gold pieces
 48445 | Vaults:4 | Bought a scroll of enchant armour for 127 gold pieces
 48530 | Vaults:4 | Gained mutation: Your body sometimes deteriorates upon taking damage. [a shining eye]
 49185 | Vaults:5 | Entered Level 5 of the Vaults
 49193 | Vaults:5 | Reached skill level 19 in Earth Magic
 49195 | Vaults:5 | Reached skill level 5 in Shields
 49437 | Vaults:5 | Reached XP level 22. HP: 131/137 MP: 34/34
 49463 | Vaults:5 | Reached skill level 20 in Earth Magic
 49706 | Vaults:5 | Reached skill level 21 in Earth Magic
 49747 | Vaults:5 | Killed from afar by a titan

Skill      XL: |  1  2  3  4  5  6  7  8  9 10 11 12 13 14 15 16 17 18 19 20 21 22 |
---------------+-------------------------------------------------------------------+-----
Fighting       | 1 2 3 4 5 6 8 9 10 13 14 | 14.0
Earth Magic    | 4 5 6 7 8 10 12 14 16 19 21 | 21.2
Dodging        | 2 3 5 6 7 8 9 |  9.0
Conjurations   | 1 2 3 4 5 6 8 10 12 13 14 | 14.0
Invocations    | 1 3 4 5 6 7 10 12 13 | 13.0
Crossbows      | 2 5 6 8 10 13 14 | 14.0
Armour         | 3 5 6 8 10 11 13 | 13.0
Evocations     | 4 5 9 |  9.0
Spellcasting   | 3 4 6 7 8 |  8.0
Staves         | 3 10 11 | 11.0
Stealth        | 3 |  3.0
Summonings     | 2 |  2.0
Translocations | 2 3 4 |  4.1
Hexes          | 3 4 |  4.1
Shields        | 6 |  6.0
Transmutations | |  0.7

Action                   |  1- 3 |  4- 6 |  7- 9 | 10-12 | 13-15 | 16-18 | 19-21 | 22-24 || total
-------------------------+-------+-------+-------+-------+-------+-------+-------+-------++-------
Melee: Unarmed           |   124 |    12 |       |       |       |       |       |       ||   136
       Dagger            |       |    52 |       |       |       |       |       |       ||    52
       Long sword        |       |    90 |     2 |    13 |   199 |    74 |       |       ||   378
 Fire: Hand crossbow     |       |       |   191 |   536 |  1185 |  1599 |  1727 |   137 ||  5375
 Cast: Sandblast         |    25 |     8 |       |       |       |     2 |       |       ||    35
       Stone Arrow       |       |     6 |       |       |       |     9 |       |       ||    15
       Lee's Rapid Decon |       |       |       |       |     1 |     5 |       |       ||     6
       Iron Shot         |       |       |       |       |       |     1 |     8 |       ||     9
Invok: Divine Shield     |       |       |       |     1 |       |       |     2 |       ||     3
       Summon Divine War |       |       |       |       |       |    10 |    11 |     6 ||    27
 Abil: Fly               |       |       |       |       |     1 |       |       |       ||     1
       Evoke Berserk Rag |       |       |       |       |     4 |     4 |       |       ||     8
Evoke: Wand              |       |       |       |       |     1 |     2 |     3 |       ||     6
  Use: Potion            |     4 |     4 |     3 |     2 |     5 |     6 |     7 |       ||    31
       Scroll            |     4 |     3 |     3 |     5 |    13 |    15 |    12 |       ||    55
 Stab: Sleeping          |     2 |     3 |       |       |       |       |       |       ||     5
  Eat: Chunk             |     2 |     6 |     8 |    17 |    29 |    16 |    27 |       ||   105
       Ration            |       |     2 |     1 |     2 |     2 |     9 |     4 |       ||    20
Armor: Robe              |    61 |    46 |     9 |       |       |       |       |       ||   116
       Leather armour    |       |       |     8 |    93 |    29 |       |       |       ||   130
       Ring mail         |       |       |       |       |   397 |   698 |   690 |       ||  1785
       Fire dragon scale |       |       |       |       |       |       |    28 |    60 ||    88
Dodge: Dodged            |   123 |    97 |    37 |   145 |   383 |   513 |   698 |    52 ||  2048
Block: Other             |       |       |       |     2 |       |       |       |       ||     2
       Buckler           |       |       |       |       |       |       |    30 |    28 ||    58
       Rpst.: Long sword |       |    12 |       |    10 |    19 |    11 |       |       ||    52
